 Dungeon Sprint DCSS version 0.19.1 (webtiles) character file.

51 equalderp2856 the Scratcher (level 3, 0/19 HPs)
             Began as a Felid Fighter on Nov 27, 2016.
             Hit by a javelin thrown by Urug (19 damage)
             ... in the Dungeon (Sprint IX: "|||||||||||||||||||||||||||||").
             The game lasted 00:01:58 (420 turns).

equalderp2856 the Scratcher (Felid Fighter)          Turns: 420, Time: 00:01:59

Health: 0/19       AC:  1    Str: 13    XL:     3   Next: 57%
Magic:  4/4        EV: 22    Int:  9    God:
Gold:   0          SH:  0    Dex: 15    Spells: 0 memorised, 2 levels left
                                        Lives:  0   Deaths: 1

rFire  . . .     SeeInvis +       - Unarmed
rCold  . . .     Gourm    .     (armour unavailable)
rNeg   . . .     Faith    .     (shield unavailable)
rPois  .         Spirit   .     (helmet unavailable)
rElec  .         Reflect  .     (cloak unavailable)
rCorr  .         Harm     .     (gloves unavailable)
MR     .....     NoTele   +     (boots unavailable)
Stlth  ++........               (no amulet)
                                (no ring)
                                (no ring)

@: quick
A: no armour, no weapons or thrown items, stealth, claws 1, fangs 3, see
invisible, carnivore 3, speed 1, shaggy fur 1, slow metabolism 1, sharp paws
a: no special abilities


You were in the Dungeon.
You were not hungry.

You visited 1 branch

Inventory:

Jewellery
 m - a +2 ring of protection
 n - a +3 ring of strength
Wands
 l - a wand of iceblast (7/15)
Scrolls
 h - 2 scrolls of blinking
 j - 3 scrolls of remove curse
 k - 2 scrolls of amnesia
Potions
 a - a potion of might
 c - a potion of invisibility
 d - 3 potions of heal wounds
 e - a potion of haste
 f - 4 potions of magic
 g - a potion of berserk rage
 i - 4 potions of curing
Comestibles
 b - a meat ration


   Skills:
 + Level 5.1 Fighting
 + Level 7.0 Dodging
 + Level 1.5 Stealth
 + Level 7.9 Unarmed Combat


You had 2 spell levels left.
You didn't know any spells.

Dungeon Overview and Level Annotations

Branches:
Dungeon (1/1)

Altars:
Cheibriados
Dithmenos
Elyvilon
Fedhas
Gozag
Hepliaklqana
Kikubaaqudgha
Makhleb
Nemelex Xobeh
Okawaru
Qazlal
Ru
Sif Muna
Trog
Uskayaw
Vehumet
Xom
Yredelemnul
Zin
The Shining One
Beogh
Jiyva
Lugonu

Annotations:
D Urug


Innate Abilities, Weirdness & Mutations

You cannot wear armour.
You are incapable of wielding weapons or throwing items.
Your paws allow you to move quietly. (Stealth)
You have sharp claws.
You have razor-sharp teeth.
You have supernaturally acute eyesight. (SInv)
You are carnivorous and can eat meat at any time.
You cover ground quickly.
You are covered in fur. (AC +1)
You have a slow metabolism.
Your sharp claws are effective at attacking unaware monsters.


Message History

There is a roughly hewn altar of Beogh here.
There is an open door to the Temple here.
There is an open door, spattered with blood here.
Things that are here:
a halberd; a club; a frilled lizard skeleton
There is an open door to the Dungeon, spattered with blood here.
You close the door.
You start resting.
A hill giant opens the door.
It is wielding a giant club.
The hill giant hits you with a giant club!!
Ouch! That really hurt!
You die...
You are now level 3!
You rejoin the land of the living...
Urug the Orcish Ballista comes into view.
She is wielding a broad axe of flaming.
Urug shouts!
Urug throws a javelin.
The javelin closely misses you.
Urug throws a javelin.
The javelin hits you!!
Ouch! That really hurt!
You die...

▓▓▓▓▓▓▓▓▓▓▓▓▓
............▓
▓▓▓▓▓▓▓▓▓▓▓.▓
.o.....@▓
▓▓▓▓▓▓▓▓▓
▓▓▓▓▓▓▓▓▓▓▓▓▓▓▓▓▓▓
'.F.F.'...FC†...<▓
▓▓▓▓▓▓▓▓▓▓▓▓▓▓▓▓▓▓


You could see Urug.

Vanquished Creatures
  A howler monkey (D)
  An iguana (D)
  A gnoll (D)
  An adder (D)
  2 shadow imps (D)
  An orc (D)
  A bat (D)
  A giant cockroach (D)
  A hobgoblin (D)
  A jackal (D)
  A quokka (D)
  A ball python (D)
  A frilled lizard (D)
14 creatures vanquished.

Vanquished Creatures (others)
  A spatial maelstrom (D)
1 creature vanquished.

Grand Total: 15 creatures vanquished

Notes
Turn   | Place    | Note
-------+----------+-------------------------------------------
     0 | D        | equalderp2856 the Felid Fighter began the quest for the Orb.
     0 | D        | Reached XP level 1. HP: 10/10 MP: 2/2
     3 | D        | Banished a spatial maelstrom
   172 | D        | Noticed an iguana
   181 | D        | Reached skill level 5 in Unarmed Combat
   181 | D        | Reached XP level 2. HP: 1/14 MP: 3/3
   195 | D        | Reached skill level 5 in Dodging
   195 | D        | Reached XP level 3. HP: 14/18 MP: 4/4
   267 | D        | Found a roughly hewn altar of Beogh.
   267 | D        | Found a snail-covered altar of Cheibriados.
   267 | D        | Found a shadowy altar of Dithmenos.
   267 | D        | Found a white marble altar of Elyvilon.
   267 | D        | Found a blossoming altar of Fedhas.
   267 | D        | Found an opulent altar of Gozag.
   268 | D        | Found a hazy altar of Hepliaklqana.
   269 | D        | Found a viscous altar of Jiyva.
   270 | D        | Found an ancient bone altar of Kikubaaqudgha.
   271 | D        | Found a corrupted altar of Lugonu.
   272 | D        | Found a burning altar of Makhleb.
   273 | D        | Found a sparkling altar of Nemelex Xobeh.
   276 | D        | Found an iron altar of Okawaru.
   277 | D        | Found a stormy altar of Qazlal.
   278 | D        | Found a sacrificial altar of Ru.
   279 | D        | Found a deep blue altar of Sif Muna.
   280 | D        | Found a bloodstained altar of Trog.
   281 | D        | Found a hide-covered altar of Uskayaw.
   282 | D        | Found a radiant altar of Vehumet.
   283 | D        | Found a shimmering altar of Xom.
   284 | D        | Found a basalt altar of Yredelemnul.
   285 | D        | Found a glowing silver altar of Zin.
   286 | D        | Found a glowing golden altar of the Shining One.
   345 | D        | Noticed a hill giant
   345 | D        | Noticed a bullfrog
   349 | D        | Reached skill level 1 in Stealth
   349 | D        | Reached XP level 4. HP: 14/22 MP: 5/5
   390 | D        | Reached skill level 5 in Fighting
   414 | D        | Demolished by a hill giant
   415 | D        | Reached XP level 3. HP: -16/19 MP: 4/4
   419 | D        | Noticed Urug
   420 | D        | Hit by a javelin thrown by Urug

Skill      XL: |  1  2  3  4 |
---------------+-------------+-----
Unarmed Combat | 5 6 7 |  7.9
Fighting       | 4 5 |  5.1
Dodging        | 5 6 7 |  7.0
Stealth        | 1 |  1.5

Action                   |  1- 3 |  4- 6 || total
-------------------------+-------+-------++-------
Melee: Unarmed           |    40 |     5 ||    45
       Bite              |     5 |     1 ||     6
       Punch             |     2 |       ||     2
  Use: Potion            |     1 |       ||     1
 Stab: Sleeping          |     1 |       ||     1
  Eat: Chunk             |     2 |       ||     2
Armor: Skin              |     1 |       ||     1
Dodge: Dodged            |    29 |     4 ||    33
